 Dungeon Crawl Stone Soup version 0.31.0-2-g5a2aebc5c2 (webtiles) character file.

Game seed: 9395103693116277880

51 Aviak the Apothecary (level 3, -2/26 HPs)
             Began as a Gnoll Alchemist on Jan 20, 2024.
             Slain by a ribbon worm (8 damage)
             ... on level 2 of the Dungeon.
             The game lasted 00:01:51 (1505 turns).

Aviak the Apothecary (Gnoll Alchemist)              Turns: 1505, Time: 00:01:51

Health: -2/26      AC:  2    Str:  7    XL:     3   Next: 81%
Magic:  9/9        EV: 13    Int: 16    God:
Gold:   63         SH:  0    Dex: 12    Spells: 11/12 levels left

rFire   . . .        f - +0 long sword (protect)
rCold   + . .        (no shield)
rNeg    . . .        a - +0 robe
rPois   .            (no helmet)
rElec   .            (no cloak)
rCorr   .            (no gloves)
SInv    .            (no boots)
Will    .....        (no amulet)
Stlth   ++           C - ring of protection from cold
HPRegen 0.24/turn    (no ring)
MPRegen 0.11/turn

%: no passive effects
@: no status effects
A: fangs 1, strong nose, distributed training
a: no special abilities


You were on level 2 of the Dungeon.
You visited 1 branch of the dungeon, and saw 2 of its levels.

You collected 63 gold pieces.

Inventory:

Hand Weapons
 f - a +0 long sword of protection (weapon)
Armour
 a - a +0 robe (worn)
Jewellery
 C - a ring of protection from cold (left hand)
Talismans
 e - a beast talisman
Scrolls
 d - 5 scrolls of identify {unknown}
 j - a scroll of teleportation {unknown}
Potions
 b - a potion of magic
 c - 3 potions of curing
 g - a potion of enlightenment {unknown}
 h - a potion of haste {unknown}
 i - a potion of brilliance {unknown}


   Skills:
 + Level 1.0 Fighting
 + Level 1.0 Short Blades
 + Level 1.0 Long Blades
 + Level 1.0 Axes
 + Level 1.0 Maces & Flails
 + Level 1.0 Polearms
 + Level 1.0 Staves
 + Level 1.0 Ranged Weapons
 + Level 1.0 Throwing
 + Level 1.0 Armour
 + Level 4.6 Dodging
 + Level 4.2 Stealth
 + Level 1.0 Shields
 + Level 1.0 Unarmed Combat
 + Level 5.0 Spellcasting
 + Level 2.2 Conjurations
 + Level 0.7 Hexes
 + Level 0.7 Summonings
 + Level 0.7 Necromancy
 + Level 0.7 Translocations
 + Level 0.7 Fire Magic
 + Level 0.7 Ice Magic
 + Level 0.7 Air Magic
 + Level 0.7 Earth Magic
 + Level 5.4 Alchemy
 + Level 1.1 Invocations
 + Level 1.0 Evocations
 + Level 0.9 Shapeshifting


You had 11 spell levels left.
You knew the following spells:

 Your Spells              Type           Power      Damage    Failure   Level
a - Sting                 Conj/Alch      64%        1d7       3%          1

Your spell library contained the following spells:

 Spells                   Type           Power      Damage    Failure   Level
 Mercury Vapours          Alch/Air       28%        N/A       6%          2
 Mephitic Cloud           Conj/Alch/Air  13%        N/A       14%         3
 Olgreb's Toxic Radiance  Alch           21%        N/A       16%         4
 Fulminant Prism          Conj/Alch      8%         3d6       30%         4
 Volatile Blastmotes      Fire/Tloc      12%        2d11      32%         3
 Sticky Flame             Fire/Alch      14%        2d5       38%         4
 Iskenderun's Mystic Bla  Conj/Tloc      8%         2d4       63%         4


Dungeon Overview and Level Annotations

Branches:
Dungeon (2/15)

Altars:


Innate Abilities, Weirdness & Mutations

You have very sharp teeth.
Your uncanny sense of smell can sniff out nearby items.
Your experience applies equally to all skills.


Message History

The ribbon worm bites you.
The frilled lizard bites you but does no damage.
The frilled lizard hisses angrily.
You slash the ribbon worm!
The ribbon worm is heavily wounded.
The ribbon worm closely misses you. The frilled lizard barely misses you.
The ribbon worm closely misses you.
You hit the ribbon worm.
The ribbon worm is severely wounded.
The frilled lizard barely misses you. The frilled lizard closely misses you.
The ribbon worm expels a string of sticky webbing.
The stream of webbing hits you but does no damage.
You are caught in a web!
You are caught in a web!
You are caught in a web!
The web tears apart.
The ribbon worm bites you.
You hit the ribbon worm but do no damage.
You bite the ribbon worm, but do no damage.
The ribbon worm is heavily wounded.
The frilled lizard closely misses you.
The ribbon worm expels a string of sticky webbing.
The stream of webbing hits you but does no damage.
You are caught in a web!
You struggle to detach yourself from the web.
The frilled lizard bites you but does no damage.
The frilled lizard bites you.
* * * LOW HITPOINT WARNING * * *
Unknown command.
You feel better. The ribbon worm bites you.
The frilled lizard bites you but does no damage.
The frilled lizard barely misses you.
The web tears apart.
The frilled lizard bites you but does no damage.
The ribbon worm closely misses you. The frilled lizard closely misses you.
You barely miss the ribbon worm.
The ribbon worm is heavily wounded.
The frilled lizard bites you. x2
* * * LOW HITPOINT WARNING * * *
The ribbon worm bites you!
You die...

#.........# #...lh..
#.........# ......
#.........# ....#
#.........### )..#
#########...####..##
###...##...#
###..#...# ##l#...#
#@l...# ##w...#
##....# #.......
#...##... #...# >..#
###.. .#. .#. # ?#[#


You could see a ribbon worm (catching breath) and 2 frilled lizards.

Vanquished Creatures
  An adder (D:2)
  A ribbon worm (D:2)
  2 dart slugs
  6 ball pythons
  3 endoplasms
  A giant cockroach (D:1)
  3 goblins (D:2)
  3 hobgoblins
  3 kobolds (D:1)
  3 quokkas
  2 bats
  2 frilled lizards (D:2)
  3 rats (D:1)
33 creatures vanquished.

Notes
Turn   | Place    | Note
-------+----------+-------------------------------------------
     0 | D:1      | Aviak the Gnoll Alchemist began the quest for the Orb.
     0 | D:1      | Reached XP level 1. HP: 13/13 MP: 6/6
   317 | D:1      | Reached XP level 2. HP: 19/19 MP: 5/7
  1323 | D:2      | Reached skill level 5 in Spellcasting
  1323 | D:2      | Reached XP level 3. HP: 23/25 MP: 7/9
  1437 | D:2      | Reached skill level 1 in Invocations
  1494 | D:2      | Reached skill level 1 in Fighting
  1494 | D:2      | Reached skill level 1 in Short Blades
  1494 | D:2      | Reached skill level 1 in Long Blades
  1494 | D:2      | Reached skill level 1 in Axes
  1494 | D:2      | Reached skill level 1 in Maces & Flails
  1494 | D:2      | Reached skill level 1 in Polearms
  1494 | D:2      | Reached skill level 1 in Staves
  1494 | D:2      | Reached skill level 1 in Ranged Weapons
  1494 | D:2      | Reached skill level 1 in Throwing
  1494 | D:2      | Reached skill level 1 in Armour
  1494 | D:2      | Reached skill level 1 in Shields
  1494 | D:2      | Reached skill level 1 in Unarmed Combat
  1494 | D:2      | Reached skill level 1 in Evocations
  1505 | D:2      | Slain by a ribbon worm

Illustrated notes

Levels and vault maps discovered:
D:1:      dpeg_arrival_round_a, layout_loops_corners
D:2:      layout_basic, minmay_lizard_king

Skill      XL: |  1  2  3 |
---------------+----------+-----
Conjurations   | 2 |  2.2
Spellcasting   | 5 |  5.0
Invocations    | 1 |  1.1
Fighting       | 1 |  1.0
Short Blades   | 1 |  1.0
Long Blades    | 1 |  1.0
Axes           | 1 |  1.0
Maces & Flails | 1 |  1.0
Polearms       | 1 |  1.0
Staves         | 1 |  1.0
Ranged Weapons | 1 |  1.0
Throwing       | 1 |  1.0
Armour         | 1 |  1.0
Shields        | 1 |  1.0
Unarmed Combat | 1 |  1.0
Evocations     | 1 |  1.0
Dodging        | |  4.6
Stealth        | |  4.2
Hexes          | |  0.7
Summonings     | |  0.7
Necromancy     | |  0.7
Translocations | |  0.7
Fire Magic     | |  0.7
Ice Magic      | |  0.7
Air Magic      | |  0.7
Earth Magic    | |  0.7
Alchemy        | |  5.4
Shapeshifting  | |  0.9

Action                     || total
---------------------------++-------
  Melee: Long sword        ||    57
         Bite              ||     7
         Punch             ||     2
   Cast: Sting             ||    31
    Use: Potion            ||     2
   Stab: Sleeping          ||     3
 Armour: Robe              ||    58
  Dodge: Dodged            ||    74
